 Dungeon Crawl Stone Soup version 0.24-a0-114-g5d539f0 (console) character file.

Game seed: 7561924731220121160

2447 Duffy the Firebug (level 9, -1/59 HPs)
             Began as an Octopode Fire Elementalist on Feb 15, 2019.
             Was a Follower of Vehumet.
             Shot with an arrow by a centaur (13 damage)
             ... on level 7 of the Dungeon.
             The game lasted 00:09:18 (6967 turns).

Duffy the Firebug (Octopode Fire Elementalist)      Turns: 6967, Time: 00:09:18

Health: -1/59      AC:  1    Str:  7    XL:     9   Next: 49%
Magic:  24/26      EV: 14    Int: 20    God:    Vehumet [*.....]
Gold:   282        SH:  5    Dex: 18    Spells: 6/19 levels left

rFire    . . .     SeeInvis .   a - +0 blowgun
rCold    . . .     Gourm    .   k - +0 buckler
rNeg     . . .     Faith    .   (helmet restricted)
rPois    .         Spirit   .   B - amulet of magic regeneration
rElec    .         Reflect  .   j - ring of magical power
rCorr    +         Harm     .   q - +5 ring of dexterity
MR       .....                  l - ring of resist corrosion
Stlth    +++.......             s - ring of attention (curse)
HPRegen  0.19/turn              y - ring of stealth
MPRegen  0.45/turn              (no ring)
                                (no ring)
                                (no ring)

@: no status effects
A: almost no armour, stealthy swim, amphibious, 8 rings, constrict 8, camouflage
1, gelatinous body 1
a: Renounce Religion


You were on level 7 of the Dungeon.
You worshipped Vehumet.
Vehumet was aware of your devotion.
You were not hungry.

You visited 2 branches of the dungeon, and saw 8 of its levels.
You also visited: Sewer.

You collected 370 gold pieces.
You spent 88 gold pieces at shops.

Inventory:

Hand Weapons
 a - a +0 blowgun (weapon)
 b - a +1 dagger of venom
Missiles
 t - 3 curare-tipped needles (quivered)
Armour
 k - a +0 buckler (worn)
Jewellery
 j - a ring of magical power (left tentacle)
 l - a ring of resist corrosion (on tentacle)
 q - a +5 ring of dexterity (right tentacle)
 s - a cursed ring of attention (on tentacle)
 x - an uncursed ring of ice
 y - a ring of stealth (on tentacle)
 B - an amulet of magic regeneration (around mantle)
Scrolls
 f - 2 scrolls of fog
 g - 3 scrolls of teleportation
 h - 4 scrolls of remove curse
 m - a scroll of magic mapping {unknown}
 n - 4 scrolls of enchant weapon
Potions
 d - 2 potions of heal wounds
 e - 6 potions of curing
 o - a potion of berserk rage
 p - a potion of degeneration {unknown}
 u - a potion of brilliance {unknown}
 v - 2 potions of cancellation
 w - 2 potions of agility
 z - a potion of ambrosia
 A - a potion of haste {unknown}
Comestibles
 c - 3 chunks of flesh
 r - 11 rations


   Skills:
 - Level 4.3 Fighting
 - Level 2.0 Dodging
 - Level 2.6 Stealth
 - Level 4.0 Shields
 + Level 5.7 Spellcasting
 + Level 6.6 Conjurations
 + Level 6.7 Fire Magic


You had 6 spell levels left.
You knew the following spells:

 Your Spells              Type           Power        Failure   Level  Hunger
h - Flame Tongue          Conj/Fire      ####.        1%          1    None
j - Sticky Flame          Conj/Fire      ####....     7%          4    ####...
l - Conjure Flame         Conj/Fire      ####....     1%          3    ##.....
o - Mephitic Cloud        Conj/Pois/Air  ##......     13%         3    ##.....
B - Blink                 Tloc           N/A          16%         2    None

Your spell library contained the following spells:

 Spells                   Type           Power        Failure   Level  Hunger
 Shock                    Conj/Air       ###.         2%          1    None
 Magic Dart               Conj           ####         1%          1    None
 Throw Flame              Conj/Fire      ####..       1%          2    None
 Inner Flame              Hex/Fire       ###.....     9%          3    ##.....
 Beastly Appendage        Tmut           #.....       11%         1    None
 Call Imp                 Summ           #.......     16%         2    None
 Slow                     Hex            #.......     16%         2    None
 Sticks to Snakes         Tmut           #.......     16%         2    None
 Fireball                 Conj/Fire      ####......   19%         5    #####..
 Spider Form              Tmut/Pois      #.........   32%         3    ##.....
 Ice Form                 Ice/Tmut       #.......     71%         4    ####...
 Blade Hands              Tmut           #.........   96%         5    #####..


Dungeon Overview and Level Annotations

Branches:
Dungeon (7/15)             Temple (1/1) D:5

Altars:
Ashenzari
Cheibriados
Dithmenos
Elyvilon
Fedhas
Gozag
Hepliaklqana
Kikubaaqudgha
Makhleb
Nemelex Xobeh
Okawaru
Qazlal
Ru
Sif Muna
Trog
Uskayaw
Vehumet
Wu Jian
Xom
Yredelemnul
Zin
The Shining One

Shops:
D:5 *


Innate Abilities, Weirdness & Mutations

You cannot wear most types of armour.
You are very stealthy in the water. (Stealth+)
You are amphibious.
You can wear up to eight rings at the same time.
You can use your tentacles to constrict eight enemies at once.
Your skin changes colour to match your surroundings (Stealth+).
Your rubbery body absorbs attacks. (AC +1, EV +1)


Message History

The bullfrog skeleton is almost destroyed.
The centaur shoots an arrow.
The arrow closely misses you. The bullfrog skeleton hits you.
Cast which spell? (? or * to list)
Aiming: Flame Tongue (safe; 1% risk of failure)
Press: ? - help, Shift-Dir - straight line, f/p - bullfrog skeleton
Aim: a bullfrog skeleton (almost destroyed)
The flame tongue hits the bullfrog skeleton.
You destroy the bullfrog skeleton!
Vehumet accepts your kill.
You feel your power returning.
The centaur shoots an arrow.
You block the arrow.
Cast which spell? (? or * to list)
Aiming: Flame Tongue (safe; 1% risk of failure)
Press: ? - help, Shift-Dir - straight line, f - centaur
Aim: a centaur, wielding a +0 shortbow The flame tongue hits the centaur.
The centaur is lightly wounded.
The centaur shoots an arrow.
The arrow hits you!
You die...

#.....# .... .#
#.....# .... ##.
#...... ..... #..
##..... ....###.#
#..... #.c.#..# #.....
#..)..## ##....
#......##########.....
#..@....)............
#...########.#........
#... #.o####.... #....
#..)# ###.. ...#..
#.....# ##. ..###..
#......# ## . #..
#.......# # ...
#.......# #........


You could see a centaur.

Vanquished Creatures
  A troll (D:7)
  A hippogriff (D:7)
  Sigmund (D:4)
  Edmund (D:6)
  Menkaure (D:6)
  Purgy (Sewer)
  An orc warrior (D:7)
  3 ogres
  A centaur (D:6)
  4 bullfrogs (D:7)
  2 scorpions
  3 killer bees
  A bullfrog zombie (D:5)
  4 crimson imps
  2 hounds
  2 bullfrog skeletons
  2 jellies
  2 orc priests
  An orc wizard (D:6)
  An iguana (D:4)
  A worker ant (D:6)
  4 gnolls (D:3)
  A river rat (D:3)
  4 adders
  3 oozes
  6 worms
  A dart slug (D:4)
  3 leopard geckos
  13 orcs
  7 bats
  7 giant cockroaches
  3 hobgoblins
  A jackal (D:6)
  7 kobolds
  2 quokkas
  4 ball pythons
  A ball python skeleton (D:5)
  4 frilled lizards
  3 goblins
  2 quokka skeletons (D:4)
  2 quokka zombies
  8 rats
122 creatures vanquished.

Notes
Turn   | Place    | Note
-------+----------+-------------------------------------------
     0 | D:1      | Duffy the Octopode Fire Elementalist began the quest for
                  | the Orb.
     0 | D:1      | Reached XP level 1. HP: 11/11 MP: 3/3
   468 | D:1      | Reached XP level 2. HP: 17/17 MP: 0/5
  1269 | D:2      | Reached XP level 3. HP: 17/21 MP: 0/6
  1274 | D:2      | Learned a level 3 spell: Conjure Flame
  2209 | D:3      | Found an opulent altar of Gozag.
  2217 | D:3      | Found a glowing drain.
  2222 | D:3      | Reached XP level 4. HP: 24/27 MP: 7/7
  2233 | Sewer    | Entered a sewer
  2356 | Sewer    | Noticed Purgy
  2371 | Sewer    | Killed Purgy
  2371 | Sewer    | Reached skill level 1 in Shields
  2371 | Sewer    | Reached XP level 5. HP: 31/31 MP: 5/9
  2834 | D:3      | Learned a level 4 spell: Sticky Flame
  2891 | D:3      | Reached XP level 6. HP: 36/36 MP: 10/10
  3424 | D:4      | Noticed Sigmund
  3429 | D:5      | Entered Level 5 of the Dungeon
  3431 | D:5      | Found a staircase to the Ecumenical Temple.
  3462 | Temple   | Entered the Ecumenical Temple
  3546 | Temple   | Became a worshipper of Vehumet
  3586 | D:4      | Killed Sigmund
  3709 | D:4      | Reached skill level 1 in Fighting
  4086 | D:4      | Reached XP level 7. HP: 43/43 MP: 11/11
  4450 | D:5      | Learned a level 3 spell: Mephitic Cloud
  4920 | D:5      | Found Jozesk's General Store.
  4927 | D:5      | Bought a scroll of identify for 22 gold pieces
  4927 | D:5      | Bought a scroll of identify for 22 gold pieces
  4927 | D:5      | Bought a scroll of noise for 11 gold pieces
  4927 | D:5      | Bought a scroll of remove curse for 33 gold pieces
  5471 | D:6      | Found a sparkling altar of Nemelex Xobeh.
  5619 | D:6      | Noticed Edmund
  5630 | D:6      | Killed Edmund
  5630 | D:6      | Reached XP level 8. HP: 51/54 MP: 6/13
  5846 | D:6      | Noticed Menkaure
  5850 | D:6      | Killed Menkaure
  5981 | D:6      | Reached * piety under Vehumet
  5981 | D:6      | Offered knowledge of Shock by Vehumet.
  6064 | D:6      | Reached skill level 5 in Conjurations
  6064 | D:6      | Reached skill level 5 in Fire Magic
  6176 | D:6      | Learned a level 2 spell: Blink
  6559 | D:7      | Reached skill level 5 in Spellcasting
  6559 | D:7      | Reached XP level 9. HP: 59/59 MP: 16/16
  6628 | D:7      | Noticed a troll
  6708 | D:7      | Killed a troll
  6940 | D:7      | Identified the amulet "Lararahuog" {Faith rF+ Int+2 SInv}
  6967 | D:7      | Shot with an arrow by a centaur

Levels and vault maps discovered:
D:1:      wander_arrival_fairy_ring, layout_basic
D:2:      layout_loops_corners, minmay_distorted
D:3:      layout_loops_ring, nicolae_overflow_hidden_temple,
          portal_sewer_entry_c
D:4:      layout_loops_corners, uniq_sigmund
D:5:      layout_loops_ring, minmay_temple_entry_slanted, first_ration,
          serial_shops, shop
D:6:      minmay_diamond_boxcup, layout_basic, nemelex_diamond_rough_becter,
          uniq_edmund, uniq_menkaure
D:7:      layout_cave_pods, minmay_misc_feat_secret_circle
Temple:   grunt_wide_crystal_templ
Sewer:    sewer_big_baddie

Skill      XL: |  1  2  3  4  5  6  7  8  9 |
---------------+----------------------------+-----
Conjurations   | 2 3 4 5 6 |  6.6
Shields        | 1 2 4 |  4.0
Fighting       | 1 4 |  4.3
Spellcasting   | 3 5 |  5.7
Fire Magic     | 4 5 6 |  6.7
Dodging        | |  2.0
Stealth        | |  2.6

Action                   |  1- 3 |  4- 6 |  7- 9 || total
-------------------------+-------+-------+-------++-------
Melee: Dagger            |       |       |    34 ||    34
       Tentacles         |       |       |    12 ||    12
       Constrict         |       |       |     7 ||     7
 Fire: Blowgun           |       |       |     2 ||     2
 Cast: Flame Tongue      |    56 |    96 |   138 ||   290
       Conjure Flame     |       |     3 |     6 ||     9
       Sticky Flame      |       |     1 |    15 ||    16
  Use: Scroll            |       |       |    10 ||    10
  Eat: Chunk             |     5 |     6 |     9 ||    20
       Ration            |       |       |     1 ||     1
Armor: Skin              |     3 |       |     3 ||     6
Dodge: Dodged            |    19 |    16 |    51 ||    86
Block: Buckler           |       |     1 |    22 ||    23

Table legend:
 A = Non-vault XP
 B = Vault XP
 C = Vault XP percentage of total XP
 D = Non-vault monster count
 E = Vault monster count
 F = Vault count percentage of total count
                 A         B        C        D         E       F
            +---------+---------+-------+---------+---------+-------
      Total |    2642 |     855 |  24.4 |     101 |      21 |  17.2
            +---------+---------+-------+---------+---------+-------
        D:1 |      16 |       0 |   0.0 |       9 |       0 |   0.0
        D:2 |      35 |       2 |   5.4 |       8 |       2 |  20.0
        D:3 |     115 |      30 |  20.7 |      29 |       5 |  14.7
        D:4 |      99 |     212 |  68.2 |       9 |       1 |  10.0
        D:5 |     247 |       0 |   0.0 |      12 |       0 |   0.0
        D:6 |     733 |     465 |  38.8 |      15 |       7 |  31.8
        D:7 |    1397 |       0 |   0.0 |      19 |       0 |   0.0
      Sewer |       0 |     146 | 100.0 |       0 |       6 | 100.0
            +---------+---------+-------+---------+---------+-------
